 Dungeon Crawl Stone Soup version 0.20.0-15-g7f486f2 (webtiles) character file.

319 dvd the Chopper (level 6, -5/50 HPs)
             Began as a Minotaur Chaos Knight on June 14, 2017.
             Slain by a fire vortex (23 damage)
             ... summoned by the capriciousness of Xom
             ... on level 3 of the Dungeon.
             The game lasted 00:07:43 (2662 turns).

dvd the Chopper (Minotaur Chaos Knight)             Turns: 2662, Time: 00:07:44

Health: -5/50      AC:  9    Str: 17    XL:     6   Next: 21%
Magic:  5/5        EV: 10    Int:  9    God:    Xom [*.....]
Gold:   163        SH:  0    Dex: 11    Spells: 5/5 levels left

rFire    . . .     SeeInvis .   s - +2 trident (venom)
rCold    . . .     Gourm    .   (no shield)
rNeg     . . .     Faith    .   r - +0 scale mail
rPois    .         Spirit   .   (helmet restricted)
rElec    .         Reflect  .   (no cloak)
rCorr    .         Harm     .   (no gloves)
MR       .....                  (no boots)
Stlth    ..........             (no amulet)
Regen    0.2/turn               i - ring of flight
MPRegen  0.1/turn               (no ring)

@: no status effects
A: retaliatory headbutt, horns 2, icy blue scales 1, frail 1, evolution 1,
subdued magic 1
a: Renounce Religion, Evoke Flight


You were on level 3 of the Dungeon.
You worshipped Xom.
You were a special plaything of Xom.
You were hungry.

You visited 1 branch of the dungeon, and saw 3 of its levels.

You collected 163 gold pieces.

Inventory:

Hand Weapons
 a - a +0 hand axe of chaos
 q - a +0 war axe
 s - a +2 trident of venom (weapon)
 v - a +2 flail of crushing
Missiles
 p - 4 tomahawks (quivered)
Armour
 b - a +2 leather armour
 k - a +0 ring mail
 r - a +0 scale mail (worn)
Jewellery
 i - a ring of flight (left hand)
Scrolls
 d - 7 scrolls of identify {unknown}
 f - 3 scrolls of remove curse {unknown}
 g - a scroll of enchant armour {unknown}
 m - a scroll of fear {unknown}
 n - 2 scrolls of teleportation {unknown}
 o - 2 scrolls of blinking {unknown}
 u - a scroll of enchant weapon {unknown}
Potions
 e - a potion of mutation
 j - 2 potions of flight {unknown}
Comestibles
 c - 4 bread rations
 h - a royal jelly


   Skills:
 + Level 5.0 Fighting
 + Level 5.9(6.0) Axes
 + Level 1.4(4.0) Polearms
 + Level 1.3 Throwing
 + Level 3.9 Armour
 + Level 2.1 Dodging
 + Level 0.3 Stealth


You had 5 spell levels left.
You didn't know any spells.

Dungeon Overview and Level Annotations

Branches:
Dungeon (3/15)

Altars:
Vehumet


Innate Abilities, Weirdness & Mutations

You reflexively headbutt those who attack you in melee.
You have a pair of horns on your head.
You are partially covered in icy blue scales. (AC +2)
You are frail. (-10% HP)
You evolve.
Your spells are a little easier to cast, but a little less powerful.


Message History

Unknown command.
You start resting.
Your transformation is almost over.
You start resting.
Your cleaving frenzy subsides.
You start resting.
You feel less wooden.
Your +0 scale mail unmelds from your body.
j - 2 grey potions
p - 2 tomahawks (gained 1)
p - 3 tomahawks (gained 1)
You are feeling hungry.
You hear Xom's maniacal laughter.
Fire whirls out from your ears! 2 fire vortices come into view.
You see here a tomahawk.
You see here a tomahawk.
p - 4 tomahawks (gained 1)
The fire vortex hits you. The fire vortex burns you!
You die...

####)###.#.###.#..#####.#.#.#
#.....##.#.##.#.#..##.#.#.#.#
#........#[####....##...#...#
#......#.#.# ##...####..#..##
#......#.#.# #v..#.#.#....##
#.......##.###....###.##..##
#.....#.##.##.(..#.#.#.#...#
#.....#..#.##...####.##.##.##
#........#.##@.#.# #.###.#..#
########...##.#### #.# ##.###
#...###. #.# ##.# #...#####
#.# ### #..>..#######.#
#.#.#.........#
#.#.#.######### #.###.#
##.###.#


You could see a fire vortex.

Vanquished Creatures
  Grinder (D:3)
  5 adders
  An ooze (D:3)
  2 worms
  2 dart slugs (D:1)
  A leopard gecko (D:3)
  7 orcs (D:3)
  A ball python (D:2)
  5 goblins
  5 hobgoblins
  5 jackals (D:3)
  4 bats
  4 frilled lizards
  7 kobolds
  5 rats
55 creatures vanquished.

Vanquished Creatures (others)
  A worm (D:2)
1 creature vanquished.

Grand Total: 56 creatures vanquished

Notes
Turn   | Place    | Note
-------+----------+-------------------------------------------
     0 | D:1      | dvd the Minotaur Chaos Knight began the quest for the Orb.
     0 | D:1      | Reached XP level 1. HP: 19/19 MP: 0/0
   100 | D:1      | Reached XP level 2. HP: 27/27 MP: 1/1
   444 | D:2      | Found a radiant altar of Vehumet.
   576 | D:2      | XOM: 3-stop teleportation journey
   644 | D:2      | XOM: give mutations
   644 | D:2      | Gained mutation: Armour fits poorly on your strangely shaped body. [Xom's mischief]
   644 | D:2      | Gained mutation: You are dopey. (Int -2) [Xom's mischief]
   644 | D:2      | Gained mutation: You are clumsy. (Dex -2) [Xom's mischief]
   767 | D:2      | XOM: medium Tloc miscast
   789 | D:2      | Reached XP level 3. HP: 7/33 MP: 2/2
  1482 | D:3      | Noticed Grinder
  1505 | D:3      | XOM: stat loss: -1 Dex (7/8)
  1506 | D:3      | HP: 1/33 [Grinder (2)]
  1507 | D:3      | Lost mutation: You are clumsy. (Dex -2) [potion of mutation]
  1507 | D:3      | Lost mutation: You are dopey. (Int -2) [potion of mutation]
  1507 | D:3      | Lost mutation: Armour fits poorly on your strangely shaped body. [potion of mutation]
  1507 | D:3      | Gained mutation: You are partially covered in icy blue scales. (AC +2) [potion of mutation]
  1507 | D:3      | Gained mutation: Your spells are a little easier to cast, but a little less powerful. [potion of mutation]
  1507 | D:3      | Gained mutation: You evolve. [potion of mutation]
  1509 | D:3      | Paralysed by Grinder for 2 turns
  1776 | D:2      | XOM: harmless Erth miscast
  1788 | D:3      | Paralysed by Grinder for 3 turns
  1960 | D:2      | Reached XP level 4. HP: 40/40 MP: 3/3
  2034 | D:3      | Reached skill level 5 in Axes
  2349 | D:3      | XOM: noise
  2434 | D:3      | XOM: silly message
  2478 | D:3      | XOM: stat loss: -1 Dex (9/10)
  2573 | D:3      | Gained mutation: You are frail. (-10% HP) [evolution]
  2597 | D:3      | XOM: silly message
  2606 | D:3      | Paralysed by Grinder for 6 turns
  2608 | D:3      | XOM: cleaving
  2617 | D:3      | Killed Grinder
  2617 | D:3      | Reached skill level 5 in Fighting
  2617 | D:3      | Reached skill level 1 in Polearms
  2617 | D:3      | Reached skill level 1 in Throwing
  2617 | D:3      | Reached XP level 5. HP: 15/43 MP: 4/4
  2617 | D:3      | Reached XP level 6. HP: 17/50 MP: 5/5
  2659 | D:3      | XOM: mild Fire miscast
  2662 | D:3      | Slain by a fire vortex

Skill      XL: |  1  2  3  4 |
---------------+-------------+-----
Axes           | 4 5 |  5.9
Fighting       | 4 5 |  5.0
Armour         | 3 |  3.9
Polearms       | 1 |  1.4
Throwing       | 1 |  1.3
Dodging        | 2 |  2.1
Stealth        | |  0.3

Action                   |  1- 3 |  4- 6 || total
-------------------------+-------+-------++-------
Melee: Hand axe          |    93 |    21 ||   114
       Headbutt          |     7 |     8 ||    15
       Trident           |       |    17 ||    17
Throw: Tomahawk          |     6 |     5 ||    11
  Use: Potion            |     1 |     2 ||     3
 Stab: Paralysed         |     1 |       ||     1
  Eat: Chunk             |     2 |     3 ||     5
Armor: Leather armour    |    17 |     2 ||    19
       Scale mail        |       |    10 ||    10
       Skin              |       |     9 ||     9
       Ring mail         |       |     8 ||     8
Dodge: Dodged            |    52 |    22 ||    74
